Map: Acid Plant LE

Players

CandleGoat

  • Race: Protoss Protoss
  • League: Silver
  • Spawn Location: 5:00

Infamous - Winner!

  • Race: Protoss Protoss
  • League: Silver
  • Spawn Location: 11:00

VOD

Have the link to the VOD?

Description

Time

  • Played on: March 19, 2018, 12:36 p.m.
  • Length: 10:23
Show
View Real Time Build Order
Export as new Build Order

CandleGoat Protoss 

Build Orders:  

Get SALT Encoding   

  12  0:02  Probe  
  13  0:17  Probe  
  13  0:18  Pylon  
  14  0:29  Probe  
  15  0:39  Gateway  
  15  0:41  Probe  
  16  0:54  Probe  
  17  1:06  Forge  
  17  1:07  Assimilator  
  17  1:08  Probe  
  18  1:20  Probe  
  19  1:32  Probe  
  20  1:37  Zealot  
  22  1:42  Assimilator  
  22  2:03  Cybernetics Core  
  22  2:05  Pylon  
  22  2:07  Pylon  
  22  2:08  Probe  
  23  2:23  Probe  
  24  2:33  Nexus  
  24  2:35  Probe  
  25  2:37  Assimilator  
  25  2:40  Pylon  
  25  2:45  Warp Gate  
  25  2:47  Probe  
  26  2:51  Stalker  
  28  3:08  Photon Cannon  
  28  3:12  Photon Cannon  
  28  3:22  Sentry  
  30  3:45  Photon Cannon  
  30  3:47  Photon Cannon  
  30  3:48  Stalker  
  32  3:51  Probe  
  32  3:53  Assimilator  
  32  3:54  Probe  
  34  4:03  Probe, Protoss Ground Weapons Level 1  
  35  4:13  Probe  
  35  4:15  Probe  
  37  4:18  Stalker  
  39  4:25  Probe  
  39  4:27  Probe  
  40  4:47  Probe  
  40  4:48  Probe  
  43  5:00  Probe x2  
  43  5:01  Gateway  
  43  5:02  Gateway  
  43  5:04  Gateway  
  43  5:06  Gateway  
  44  5:11  Pylon  
  44  5:12  Probe x2  
  46  5:25  Shield Battery  
  46  5:27  Pylon  
  46  5:51  Photon Cannon  
  46  5:52  Photon Cannon  
  46  5:55  Photon Cannon  
  46  5:56  Probe x2  
  48  5:57  Protoss Shields Level 1  
  48  6:08  Probe  
  49  6:12  Nexus  
  49  6:20  Pylon  
  49  6:22  Pylon  
  49  6:31  Pylon  
  49  6:32  Pylon  
  49  6:37  Pylon  
  49  6:49  Stargate  
  49  6:51  Stargate  
  49  6:54  Pylon  
  49  6:57  Stargate  
  49  6:58  Stargate  
  49  6:59  Probe x2  
  51  7:07  Photon Cannon  
  51  7:11  Probe, Photon Cannon  
  51  7:12  Photon Cannon  
  52  7:17  Photon Cannon  
  52  7:25  Probe, Assimilator  
  52  7:26  Probe x2  
  52  7:29  Assimilator  
  55  7:37  Probe  
  55  7:41  Zealot x3  
  55  7:42  Zealot  
  64  7:46  Stalker  
  66  7:54  Void Ray  
  70  8:06  Twilight Council  
  70  8:08  Shield Battery  
  70  8:10  Void Ray  
  58  8:46  Zealot  
  58  8:47  Zealot x4  
  56  9:12  Void Ray x3  
  56  9:13  Void Ray  
  65  9:34  Photon Cannon  
  65  9:36  Pylon, Photon Cannon  
  65  9:37  Shield Battery  
  65  9:43  Photon Cannon  
  65  9:47  Photon Cannon  
Show
View Real Time Build Order
Export as new Build Order

Infamous Protoss - Winner!

Build Orders:  

Get SALT Encoding   

  12  0:00  Probe  
  13  0:15  Pylon  
  13  0:18  Probe  
  14  0:35  Gateway  
  14  0:40  Probe (Chrono Boost)  
  15  0:52  Probe (Chrono Boost)  
  16  0:58  Probe (Chrono Boost)  
  16  1:00  Assimilator  
  17  1:08  Probe  
  18  1:22  Cybernetics Core  
  18  1:25  Probe (Chrono Boost)  
  19  1:36  Probe (Chrono Boost)  
  19  1:39  Zealot  
  22  1:41  Probe (Chrono Boost)  
  23  1:47  Assimilator  
  23  1:50  Pylon  
  23  1:55  Warp Gate (Chrono Boost)  
  23  2:06  Probe  
  23  2:18  Probe  
  23  2:22  Gateway  
  24  2:23  Gateway  
  24  2:25  Pylon  
  24  2:30  Probe  
  25  2:43  Probe  
  28  2:44  Adept  
  28  2:46  Pylon  
  28  2:54  Robotics Facility  
  28  2:57  Probe  
  29  3:04  Shield Battery  
  29  3:09  Adept (Chrono Boost)  
  31  3:15  Probe  
  32  3:40  Pylon, Probe  
  33  3:46  Observer  
  34  3:58  Probe  
  34  4:02  Stalker  
  37  4:06  Nexus  
  37  4:10  Probe  
  36  4:48  Stalker x3  
  36  4:49  Immortal (Chrono Boost)  
  36  4:50  Probe  
  45  5:12  Gateway  
  44  5:15  Probe, Gateway  
  44  5:20  Probe  
  46  5:27  Probe  
  47  5:45  Gateway  
  47  5:46  Immortal (Chrono Boost)  
  47  5:47  Forge  
  51  5:50  Sentry x2  
  51  5:51  Pylon  
  51  5:56  Probe  
  51  5:57  Probe  
  57  6:08  Pylon  
  57  6:15  Sentry, Twilight Council  
  57  6:16  Zealot  
  61  6:20  Protoss Ground Weapons Level 1 (Chrono Boost)  
  61  6:31  Stalker  
  61  6:32  Stalker  
  65  6:42  Assimilator  
  65  6:43  Probe x2  
  65  6:46  Assimilator  
  67  6:53  Pylon  
  67  6:55  Shield Battery  
  67  6:57  Photon Cannon  
  67  7:04  Photon Cannon  
  67  7:09  Sentry  
  67  7:10  Zealot x2  
  73  7:19  Probe x2  
  75  7:31  Probe x2, Stalker x2  
  75  7:33  Sentry x2  
  85  7:55  Immortal  
  85  7:56  Robotics Facility, Charge (Chrono Boost)  
  89  8:11  Robotics Facility  
  81  8:43  Stalker x5  
  81  8:44  Stalker  
  89  9:07  Probe x2  
  91  9:19  Probe  
  91  9:20  Probe  
Tags
 
Matchup
PvP
Replay Pack
Last Remnant (2)
Spawn Locations
Cross Positions
Add a new tag
Caveats
  • Supply blocks, unpowered buildings, or Contaminate may cause inaccurate times.
  • Supply counts are checked every 10 seconds.